 Dungeon Crawl Stone Soup version 0.28.0-1-gb440e238dd (webtiles) character file.

Game seed: 13326705092647515144

109465 DevastatorOne the Warrior (level 16, -23/154 HPs)
             Began as a Minotaur Fighter on Feb 20, 2022.
             Was the Champion of Qazlal.
             Annihilated by a large abomination (26 damage)
             ... summoned by Mlioglotl
             ... while paralysed by a great orb of eyes
             ... on level 1 of the Spider Nest.
             The game lasted 00:23:17 (18261 turns).

DevastatorOne the Warrior (Minotaur Fighter)       Turns: 18261, Time: 00:23:17

Health: -23/154    AC: 25    Str: 29    XL:     16   Next: 4%
Magic:  23/23      EV:  2    Int: 17    God:    Qazlal [******]
Gold:   307        SH:  0    Dex: 22    Spells: 15/15 levels left

rFire   + . .      SeeInvis .   b - +5 trident (freeze)
rCold   + + .      Faith    .   P - +2 kite shield "Ciunaur Qogi" {rPois rC++ Int+2}
rNeg    + . .      Spirit   .   t - +1 chain mail {rPois}
rPois   +          Reflect  .   c - +2 hat
rElec   .          Harm     .   m - +0 cloak
rCorr   +          Rampage  .   L - +2 pair of gloves
Will    +....                   N - +2 pair of boots of Philately {+Blink rCorr Str+2 Dex+4}
Stlth   ..........              i - amulet of Xom's Capriciousness {rN+ Regen+ Int+4 Dex+6}
HPRegen 1.15/turn               k - +6 ring of intelligence
MPRegen 0.18/turn               z - ring of protection from fire

@: paralysed, afraid, protected from physical damage, repel missiles
A: horns 2, retaliatory headbutt
a: Renounce Religion, Evoke Blink, Upheaval, Elemental Force, Disaster Area


You were on level 1 of the Spider Nest.
You worshipped Qazlal.
Qazlal was exalted by your worship.
You visited 3 branches of the dungeon, and saw 21 of its levels.
You also visited: Bailey.

You collected 1685 gold pieces.
You spent 1378 gold pieces at shops.

Inventory:

Hand Weapons
 a - a +0 war axe
 b - a +5 trident of freezing (weapon)
 D - a +1 broad axe of freezing
 F - a +0 broad axe
Missiles
 u - 20 boomerangs (quivered)
 C - 2 throwing nets
 O - 7 silver javelins
Armour
 c - a +2 hat (worn)
 m - a +0 cloak (worn)
 t - a +1 chain mail of poison resistance (worn)
 L - a +2 pair of gloves (worn)
 N - the +2 pair of boots of Philately (worn) {+Blink rCorr Str+2 Dex+4}
   (You bought it in a shop on level 13 of the Dungeon)

   Str:       It affects your strength (+2).
   Dex:       It affects your dexterity (+4).
   +Blink:    It lets you blink.
   rCorr:     It protects you from acid and corrosion.
 P - the +2 kite shield "Ciunaur Qogi" (worn) {rPois rC++ Int+2}
   (You acquired it on level 13 of the Dungeon)

   Int:       It affects your intelligence (+2).
   rC:        It greatly protects you from cold.
   rPois:     It protects you from poison.
Jewellery
 i - the amulet of Xom's Capriciousness (around neck) {rN+ Regen+ Int+4 Dex+6}
   (You acquired it on level 5 of the Dungeon)

   [amulet of regeneration]

   Int:       It affects your intelligence (+4).
   Dex:       It affects your dexterity (+6).
   rN:        It protects you from negative energy.
   Regen:     It increases your rate of health regeneration.
 k - a +6 ring of intelligence (left hand)
 z - a ring of protection from fire (right hand)
 K - a ring of magical power
Wands
 l - a wand of iceblast (20)
 o - a wand of digging (4)
 M - a wand of paralysis (5)
Scrolls
 f - 7 scrolls of enchant weapon
 h - 4 scrolls of immolation
 p - 5 scrolls of enchant armour
 r - 2 scrolls of identify {@r1}
 y - a scroll of fear
 A - 3 scrolls of noise
 H - a scroll of holy word
 I - 2 scrolls of silence
 T - a scroll of teleportation
 W - 5 scrolls of blinking
Potions
 d - 2 potions of might
 e - 5 potions of haste
 g - 3 potions of lignification
 j - 2 potions of flight
 n - 2 potions of mutation
 q - 10 potions of curing
 s - 4 potions of brilliance
 v - a potion of ambrosia
 w - 3 potions of heal wounds
 x - 5 potions of attraction
 B - 3 potions of invisibility {unknown}
 G - a potion of resistance {unknown}
 J - a potion of cancellation {unknown}
Miscellaneous
 E - a lightning rod (4/4)


   Skills:
 * Level 16.8 Fighting
 * Level 9.6(13.6) Axes
 - Level 15.2(16.3) Polearms
 - Level 10.0 Throwing
 - Level 9.0 Armour
 - Level 5.0 Dodging
 + Level 13.3 Shields
 + Level 10.7 Invocations


You had 15 spell levels left.
You didn't know any spells.
Your spell library contained the following spells:

 Spells                   Type           Power      Damage    Failure   Level
 Foxfire                  Conj/Fire      0%         2x1d4     88%         1
 Magic Dart               Conj           0%         1d3       88%         1
 Shock                    Conj/Air       0%         1d3       88%         1
 Blink                    Tloc           0%         N/A       96%         2
 Call Imp                 Summ           0%         N/A       96%         2
 Ensorcelled Hibernation  Hex/Ice        0%         N/A       96%         2
 Passwall                 Tmut/Erth      0%         N/A       96%         2
 Confusing Touch          Hex            0%         N/A       99%         3
 Conjure Flame            Conj/Fire      0%         6-21      99%         3
 Dazzling Flash           Conj/Hex       0%         N/A       99%         3
 Frozen Ramparts          Ice            0%         1d2       99%         3
 Gell's Gravitas          Tloc           0%         N/A       99%         3
 Ignite Poison            Fire/Tmut/Pois 0%         N/A       99%         3
 Inner Flame              Hex/Fire       0%         N/A       99%         3
 Lesser Beckoning         Tloc           0%         N/A       99%         3
 Mephitic Cloud           Conj/Pois/Air  0%         N/A       99%         3
 Swiftness                Air            0%         N/A       99%         3
 Teleport Other           Tloc           0%         N/A       99%         3
 Airstrike                Air            0%         N/A       100%        4
 Cause Fear               Hex            0%         N/A       100%        4
 Flame Wave               Conj/Fire      0%         2d4       100%        4
 Ice Form                 Ice/Tmut       0%         N/A       100%        4
 Iskenderun's Mystic Bla  Conj/Tloc      0%         2d3       100%        4
 Summon Ice Beast         Ice/Summ       0%         N/A       100%        4
 Alistair's Intoxication  Tmut/Pois      0%         N/A       100%        5
 Blade Hands              Tmut           0%         N/A       100%        5
 Borgnjor's Vile Clutch   Necr/Erth      0%         N/A       100%        5
 Freezing Cloud           Conj/Ice/Air   0%         6-21      100%        5
 Irradiate                Conj/Tmut      0%         3d13      100%        5
 Manifold Assault         Tloc           0%         N/A       100%        5
 Yara's Violent Unravell  Hex/Tmut       0%         3d3       100%        5
 Eringya's Noxious Bog    Tmut/Pois      0%         N/A       100%        6
 Starburst                Conj/Fire      0%         6d3       100%        6
 Dragon Form              Tmut           0%         N/A       100%        7
 Enfeeble                 Hex            0%         N/A       100%        7
 Discord                  Hex            0%         N/A       100%        8


Dungeon Overview and Level Annotations

Branches:
Dungeon (14/15)            Temple (0/1) D:7            Lair (6/6) D:10
 Shoals (0/4) Lair:4       Spider (1/4) Lair:3        Slime (0/5) Lair:5
    Orc (0/2) D:12         Vaults (0/5) D:13         Bailey (visited)

Altars:
Gozag
Okawaru
Qazlal
Yredelemnul
Jiyva

Shops:
D:13 [?[[(

Portals:
Trove: D:14 (give +5 demon blade)

Annotations:
D:6 exclusion: downstairs
D:10 3 runed translucent doors, exclusion: 3 doors, earlgrey's ghost, novice DjFE
D:14 2 transporters, Laowois's ghost, journeyman MiBe
Lair:2 1 runed translucent door, exclusion: door, NoScrollMutBadDesign's ghost, novice DDFi
Spider:1 1 runed translucent door, Mlioglotl


Innate Abilities, Weirdness & Mutations

You have a pair of horns on your head.
You reflexively headbutt those who attack you in melee.


Message History

Mlioglotl is heavily wounded.
You block Mlioglotl's attack.
Mlioglotl tramples you but does no damage.
The large abomination misses you.
You hit Mlioglotl.
Mlioglotl is heavily wounded.
Mlioglotl hits you but does no damage. You block Mlioglotl's attack.
The great orb of eyes gazes at you.
You suddenly lose the ability to move!
The large abomination hits you.
Mlioglotl is struck by lightning.
Mlioglotl hits you but does no damage.
Mlioglotl tramples you but does no damage.
The great orb of eyes bites you.
The large abomination hits you but does no damage.
Mlioglotl hits you but does no damage.
Mlioglotl tramples you but does no damage.
The large abomination hits you!!
You feel more protected from physical attacks.
The great orb of eyes gazes at you. You resist with some effort.
Mlioglotl is struck by lightning.
Mlioglotl hits you but does no damage.
Mlioglotl tramples you but does no damage.
The smoke demon is engulfed in freezing vapours.
Mlioglotl hits you!
* * * LOW HITPOINT WARNING * * *
Mlioglotl tramples you!
* * * LOW HITPOINT WARNING * * *
You feel more protected from physical attacks.
You hold your ground!
The large abomination hits you!
* * * LOW HITPOINT WARNING * * *
You feel more protected from physical attacks.
The great orb of eyes bites you.
* * * LOW HITPOINT WARNING * * *
The smoke demon is engulfed in freezing vapours.
Mlioglotl hits you.
* * * LOW HITPOINT WARNING * * *
Mlioglotl tramples you.
* * * LOW HITPOINT WARNING * * *
You hold your ground!
The large abomination hits you!!
You die...

#.....†......# §§
...
##..†.†......##+#
...
...................
....
....##.........#.
.... ##.......##
... ##...#### ..
#..### #.### #.#@.#
..#XXG# ..##.○3..#
... #...#..# ..
.#.....# .
#.......# #.......#
.........


You could see Mlioglotl (strong, scary), a great orb of eyes (summoned), a large
abomination (summoned) and a smoke demon (summoned).

Vanquished Creatures
  A ghost moth (Spider:1)
  2 entropy weavers (Spider:1)
  A fire dragon (shapeshifter) (Lair:6)
  2 boulder beetles
  3 vault guards (D:13)
  5 hydras
  A centaur warrior (D:14)
  14 death yaks
  7 two-headed ogres
  A tengu warrior (D:13)
  Urug (Lair:6)
  Nergalle (Lair:4)
  Sonja (Lair:4)
  8 skeletal warriors
  2 orb spiders (Spider:1)
  An orc knight (Bailey)
  A wizard (D:14)
  A harpy (shapeshifter) (Lair:6)
  2 oklob plants
  A cyclops (D:13)
  5 ugly things
  A wolf spider (Lair:3)
  14 elephants
  3 black mambas
  3 centaur zombies
  A manticore (D:12)
  2 torpor snails
  7 cane toads
  2 gargoyles (D:13)
  3 efreet (D:13)
  2 kobold demonologists (D:12)
  3 rime drakes
  An unseen horror (D:11)
  12 komodo dragons
  A tengu conjurer (D:13)
  A meliai (Lair:3)
  4 trolls
  2 polar bears
  2 tarantellas (Spider:1)
  18 dream sheep
  24 blink frogs
  A raiju (shapeshifter) (Lair:6)
  Prince Ribbit (D:5)
  A jumping spider (Spider:1)
  43 yaks
  A shadow (D:9)
  3 culicivoras (Spider:1)
  A wraith (D:11)
  4 wyverns
  3 hogs (Lair:4)
  6 basilisks
  A basilisk (shapeshifter) (D:13)
  8 humans (D:13)
  A chaos spawn (Lair:6)
  9 redbacks (Spider:1)
  10 vampire mosquitoes
  Menkaure (D:4)
  21 water moccasins
  3 acid dragons
  8 orc warriors
  3 ice beasts
  A black bear (D:7)
  A sky beast (D:7)
  10 centaurs
  16 wolves
  2 phantoms
  10 kobold brigands
  4 small abominations (Lair:6)
  12 bullfrogs
  3 scorpions
  A hornet simulacrum (D:14)
  15 killer bees
  6 wights
  2 electric eels (Lair:3)
  4 howler monkeys
  2 hounds
  2 jellies
  2 centaur skeletons
  5 orc priests
  A gnoll shaman (D:7)
  Ijyb (D:3)
  An iguana (D:6)
  11 orc wizards
  A killer bee zombie (D:9)
  A hound skeleton (D:4)
  2 howler monkey zombies
  4 adders
  3 gnolls (D:7)
  A howler monkey skeleton (D:6)
  A white imp (D:7)
  An ufetubus (D:7)
  A worm (D:2)
  2 dart slugs
  30 orcs
  8 ball pythons
  7 bats
  8 endoplasms
  7 giant cockroaches
  17 goblins
  7 hobgoblins
  6 jackals
  23 kobolds
  4 quokkas
  2 frilled lizards
  6 rats
  3 butterflies
553 creatures vanquished.

Vanquished Creatures (collateral kills)
  A bullfrog (Lair:4)
1 creature vanquished.

Vanquished Creatures (others)
  Kirke (Lair:4)
  A manticore (D:13)
  A human (D:13)
  20 fungi
  24 plants
  3 toadstools (D:9)
50 creatures vanquished.

Grand Total: 604 creatures vanquished

Notes
Turn   | Place    | Note
-------+----------+-------------------------------------------
     0 | D:1      | DevastatorOne the Minotaur Fighter began the quest for the
                  | Orb.
     0 | D:1      | Reached XP level 1. HP: 19/19 MP: 0/0
   114 | D:1      | Reached XP level 2. HP: 23/27 MP: 1/1
   182 | D:1      | Found a faded altar of an unknown god.
   231 | D:1      | Prayed at the altar of an unknown god.
   231 | D:1      | Became a worshipper of Qazlal Stormbringer
   231 | D:1      | Reached * piety under Qazlal
   256 | D:1      | Reached skill level 4 in Fighting
   284 | D:1      | Reached XP level 3. HP: 33/33 MP: 2/2
   659 | D:2      | Reached ** piety under Qazlal
   670 | D:2      | Reached XP level 4. HP: 40/40 MP: 3/3
   706 | D:2      | Reached skill level 5 in Axes
  1201 | D:3      | Noticed a scorpion
  1206 | D:3      | Killed a scorpion
  1207 | D:3      | Reached XP level 5. HP: 41/46 MP: 4/4
  2035 | D:3      | Noticed Ijyb
  2056 | D:3      | Killed Ijyb
  2057 | D:3      | Reached skill level 1 in Polearms
  2057 | D:3      | Reached XP level 6. HP: 49/52 MP: 5/5
  2073 | D:3      | Identified the +5 leather armour "Ecuarchaorgh" {Contam
                  | Rampage rElec rPois}
  2741 | D:3      | Reached XP level 7. HP: 59/59 MP: 6/6
  2807 | D:4      | Found a basalt altar of Yredelemnul.
  2888 | D:4      | Noticed Menkaure
  3576 | D:4      | Killed Menkaure
  3577 | D:4      | Reached skill level 5 in Polearms
  3726 | D:5      | Entered Level 5 of the Dungeon
  3730 | D:5      | Noticed Prince Ribbit
  3740 | D:5      | Killed Prince Ribbit
  3928 | D:5      | Reached XP level 8. HP: 27/66 MP: 7/7
  3935 | D:5      | Reached *** piety under Qazlal
  4242 | D:5      | Identified a scroll of acquirement
  4242 | D:5      | Acquired the amulet of Xom's Capriciousness {rN+ Regen+
                  | Int+4 Dex+6}
  4771 | D:6      | Reached skill level 10 in Polearms
  5103 | D:7      | Reached XP level 9. HP: 71/71 MP: 8/8
  5246 | D:7      | Found a staircase to the Ecumenical Temple.
  5290 | D:7      | Found a flagged portal.
  5319 | Bailey   | Entered a bailey
  5548 | Bailey   | Noticed an orc knight
  5565 | Bailey   | Reached skill level 1 in Dodging
  5569 | Bailey   | Reached skill level 1 in Throwing
  5569 | Bailey   | Reached skill level 1 in Invocations
  5578 | Bailey   | Killed an orc knight
  5579 | Bailey   | Reached skill level 5 in Fighting
  5584 | Bailey   | Found a burning altar of Makhleb.
  5686 | D:7      | Found an iron altar of Okawaru.
  5728 | D:7      | Reached **** piety under Qazlal
  5804 | D:7      | Reached XP level 10. HP: 83/83 MP: 10/10
  5812 | D:7      | Reached skill level 6 in Fighting
  5935 | D:7      | Reached skill level 5 in Armour
  6480 | D:8      | Reached skill level 7 in Fighting
  7572 | D:9      | Reached skill level 8 in Fighting
  8013 | D:10     | Entered Level 10 of the Dungeon
  8149 | D:10     | Noticed a two-headed ogre
  8159 | D:10     | Killed a two-headed ogre
  8201 | D:10     | Noticed an oklob plant
  8211 | D:10     | Found a staircase to the Lair.
  8501 | D:10     | Found a runed translucent gate.
  8502 | D:10     | Found a runed translucent gate.
  8503 | D:10     | Found a runed translucent gate.
  8503 | D:10     | Noticed earlgrey's ghost (novice DjFE)
  8649 | D:10     | Killed an oklob plant
  8650 | D:10     | Reached XP level 11. HP: 83/95 MP: 13/13
  8681 | Lair:1   | Entered Level 1 of the Lair of Beasts
  8718 | D:11     | Reached skill level 9 in Fighting
  8760 | D:11     | Reached skill level 5 in Dodging
  9055 | Lair:1   | Reached skill level 5 in Invocations
  9062 | Lair:1   | Reached skill level 5 in Throwing
  9084 | Lair:1   | Reached skill level 10 in Fighting
  9482 | Lair:1   | Found an opulent altar of Gozag.
  9483 | Lair:1   | Noticed an oklob plant
  9495 | Lair:1   | Killed an oklob plant
  9966 | Lair:2   | Found a runed translucent door.
  9969 | Lair:2   | Noticed NoScrollMutBadDesign's ghost (novice DDFi)
  9969 | Lair:2   | Identified the +8 spear of Sharkskin {vorpal, *Rage rC+++
                  | Will- Dex+7}
  9969 | Lair:2   | Noticed a spriggan rider
 10056 | Lair:2   | Reached skill level 11 in Fighting
 10245 | Lair:2   | Noticed a four-headed hydra
 10257 | Lair:2   | Killed a four-headed hydra
 10258 | Lair:2   | Reached XP level 12. HP: 87/110 MP: 15/15
 10754 | Lair:3   | Noticed a death yak
 10757 | Lair:3   | Noticed a death yak
 10778 | Lair:3   | Noticed a death yak
 10794 | Lair:3   | Killed a death yak
 10796 | Lair:3   | Reached skill level 12 in Fighting
 10798 | Lair:3   | Reached skill level 5 in Shields
 10802 | Lair:3   | Killed a death yak
 10939 | Lair:3   | Killed a death yak
 10982 | Lair:3   | Noticed a four-headed hydra
 10995 | Lair:3   | Killed a four-headed hydra
 10996 | Lair:3   | Reached skill level 15 in Polearms
 11027 | Lair:3   | Reached ***** piety under Qazlal
 11141 | Lair:3   | Found a hole to the Spider Nest.
 11632 | Lair:4   | Noticed Sonja
 11648 | Lair:4   | Killed Sonja
 11716 | Lair:4   | Noticed Kirke
 11731 | Lair:4   | Killed Kirke
 11732 | Lair:4   | Reached XP level 13. HP: 118/118 MP: 10/17
 11854 | Lair:4   | Noticed Nergalle
 11974 | Lair:4   | Killed Nergalle
 12181 | Lair:4   | Found a staircase to the Shoals.
 12528 | Lair:5   | Reached skill level 13 in Fighting
 12585 | Lair:5   | Found a viscous altar of Jiyva.
 13013 | Lair:5   | Found a staircase to the Slime Pits.
 13211 | Lair:6   | Entered Level 6 of the Lair of Beasts
 13581 | Lair:6   | Noticed Urug
 13600 | Lair:6   | Killed Urug
 13610 | Lair:6   | Reached skill level 14 in Fighting
 13688 | Lair:6   | Reached XP level 14. HP: 111/132 MP: 19/19
 13695 | Lair:6   | Reached XP level 15. HP: 124/138 MP: 20/20
 14560 | D:11     | Reached skill level 15 in Fighting
 14657 | D:11     | Reached ****** piety under Qazlal
 15595 | D:12     | Found a staircase to the Orcish Mines.
 16055 | D:13     | Reached skill level 10 in Invocations
 16154 | D:13     | Found Bioloj's Weapon Shoppe.
 16170 | D:13     | Reached skill level 10 in Throwing
 16351 | D:13     | Found Oppoas's Magic Scroll Shop.
 16363 | D:13     | Found Kivatouto's Antique Armour Boutique.
 16367 | D:13     | Bought a scroll of acquirement for 780 gold pieces
 16367 | D:13     | Acquired the +2 kite shield "Ciunaur Qogi" {rPois rC++
                  | Int+2}
 16395 | D:13     | Bought a spiked cloak for 332 gold pieces
 16395 | D:13     | Identified the +1 cloak of Daisies {rPois MP+9 Str-3 Int-4}
                  | (You bought it in a shop on level 13 of the Dungeon)
 16527 | D:13     | Reached skill level 16 in Fighting
 16633 | D:13     | Found Leawaur's Armour Shoppe.
 16741 | D:13     | Found Ylist's Antique Armour Emporium.
 16746 | D:13     | Bought a pair of warped boots for 266 gold pieces
 16746 | D:13     | Identified the +2 pair of boots of Philately {+Blink rCorr
                  | Str+2 Dex+4} (You bought it in a shop on level 13 of the
                  | Dungeon)
 16809 | D:13     | Found a gate to the Vaults.
 17044 | D:14     | Noticed Laowois's ghost (journeyman MiBe)
 17045 | D:14     | Found a transporter.
 17046 | D:14     | Identified the +9 giant spiked club of Nut Ipritoe {elec,
                  | rElec rN+ Str+2 Int-5}
 17067 | D:14     | Found a transporter.
 17239 | D:14     | Found a portal to a secret trove of treasure.
 17922 | Spider:1 | Entered Level 1 of the Spider Nest
 18189 | Spider:1 | Reached XP level 16. HP: 129/152 MP: 23/23
 18234 | Spider:1 | Found a runed translucent door.
 18242 | Spider:1 | Noticed Mlioglotl
 18257 | Spider:1 | Paralysed by a great orb of eyes for 5 turns
 18260 | Spider:1 | HP: 7/154 [Mlioglotl (1)]
 18260 | Spider:1 | HP: 2/154 [Mlioglotl (5)]
 18261 | Spider:1 | Annihilated by a large abomination

Illustrated notes

Levels and vault maps discovered:
D:1:      ebering_hopf_link, layout_rooms, hellmonk_ecumenical_altar_blasted
D:2:      layout_rooms, supply_closet_lemuel
D:3:      kennysheep_goblin_castle, layout_basic, nicolae_figureground_pulse
D:4:      layout_layer_cave, mainiacjoe_overflow_surrounded_room, uniq_menkaure
D:5:      layout_cave_pools, kennysheep_cross_bottleneck, uniq_prince_ribbit1
D:6:      layout_cave_pools
D:7:      minmay_s_stair_smasher, layout_loops_ring, okawaru_trees_1,
          minmay_temple_entry_purple_smoke, enter_bailey_7, st_stairs_11
D:8:      layout_basic, serial_bayou_pond_e, grunt_decor_cap
D:9:      layout_irregular_city, minmay_gold_behind_fungi
D:10:     layout_cave_pools, dpeg_oklobed_lair, gammafunk_ghost_nasty_kobolds
D:11:     layout_grid_maze
D:12:     layout_rooms, orc_0_dummy
D:13:     layout_cave_pools, ximxim_vaults_locker_room, serial_shops, shop,
          shop, shop, nicolae_shop_waterfront, nicolae_shop_hallway_stairs
D:14:     layout_loops_ring, gammafunk_ghost_smash,
          hangedman_abyss_or_decor_stagger, nicolae_trove_entry_crystal
Lair:1:   layout_hall_layers, lemuel_oklob_altar, infiniplex_staircase_pool
Lair:2:   layout_cave_pods, ebering_ghost_funeral_grove, lemuel_fruit_fields
Lair:3:   layout_regular_city, hellmonk_spider_entry_not_the_bees,
          serial_bayou_shore_b, grunt_megastairs_2, lemuel_fruit_fields,
          serial_bayou_shore_a, serial_bayou_shore_b
Lair:4:   hellmonk_destroyed_diamonds, layout_loops_ring,
          minmay_shoals_entry_centaurs, uniq_sonja, uniq_nergalle, uniq_kirke
Lair:5:   layout_regular_city, slime_altar_1, columned_hall_lemuel
Lair:6:   hellmonk_lair_end_abyssal_woods, layout_cave_pods, st_stairs_11,
          uniq_urug
Spider:1: layout_chambers, ebering_ghost_inner_flame, uniq_mlioglotl

Skill      XL: |  1  2  3  4  5  6  7  8  9 10 11 12 13 14 15 |
---------------+----------------------------------------------+-----
Axes           | 3 4 6 7 9 |  9.6
Fighting       | 4 5 8 11 12 14 16 | 16.8
Shields        | 4 6 9 11 13 | 13.3
Polearms       | 1 4 8 11 13 15 | 15.2
Armour         | 4 6 8 9 |  9.0
Dodging        | 2 4 5 |  5.0
Throwing       | 2 4 5 7 9 10 | 10.0
Invocations    | 2 4 6 7 9 10 | 10.7

Action                   |  1- 3 |  4- 6 |  7- 9 | 10-12 | 13-15 | 16-18 || total
-------------------------+-------+-------+-------+-------+-------+-------++-------
Melee: War axe           |    72 |    45 |       |     3 |       |       ||   120
       Headbutt          |     4 |     8 |    40 |   123 |   223 |    10 ||   408
       Trident           |       |    60 |   208 |   567 |   983 |    46 ||  1864
Throw: Boomerang         |       |       |     2 |    36 |    12 |       ||    50
Invok: Upheaval          |       |       |       |     1 |       |       ||     1
       Elemental Force   |       |       |       |     1 |       |       ||     1
Evoke: Wand              |       |       |     3 |       |     2 |       ||     5
       Lightning rod     |       |       |       |     4 |     4 |       ||     8
  Use: Scroll            |       |     7 |     3 |    10 |     6 |       ||    26
       Potion            |       |     1 |     2 |     2 |     1 |       ||     6
 Stab: Distracted        |       |       |       |     1 |     1 |       ||     2
Armor: Scale mail        |    42 |    29 |    35 |     9 |       |       ||   115
       Acid dragon scale |       |       |       |    66 |       |       ||    66
       Chain mail        |       |       |       |    69 |   187 |    31 ||   287
Dodge: Dodged            |    33 |    28 |    35 |   136 |   130 |    13 ||   375
       Repelled          |       |       |       |     3 |     2 |       ||     5
Block: Buckler           |    30 |    35 |    46 |    84 |       |       ||   195
       Kite shield       |       |       |       |   163 |   584 |    50 ||   797
